 Dungeon Crawl Stone Soup version 0.28.0-45-g0d030f2227 (webtiles) character file.

Game seed: 348922349966685491

247 Icepheonix32 the Skirmisher (level 5, -3/42 HPs)
             Began as a Demonspawn Fighter on Apr 6, 2022.
             Slain by Duvessa
             ... wielding a +2 vampiric rapier
              (15 damage)
             ... on level 5 of the Dungeon.
             The game lasted 00:02:25 (2543 turns).

Icepheonix32 the Skirmisher (Demonspawn Fighter)    Turns: 2543, Time: 00:02:26

Health: -3/42      AC: 11    Str: 18    XL:     5   Next: 85%
Magic:  5/5        EV:  9    Int: 18    God:
Gold:   139        SH:  4    Dex: 12    Spells: 4/4 levels left

rFire   . . .      SeeInvis .   r - +2 dagger (pain)
rCold   . . .      Faith    .   c - +0 buckler
rNeg    . . .      Spirit   .   b - +0 scale mail
rPois   .          Reflect  .   (helmet restricted)
rElec   .          Harm     .   (no cloak)
rCorr   .          Rampage  .   w - +2 pair of gloves
Will    .....                   m - +0 pair of boots
Stlth   ..........              (no amulet)
HPRegen 0.14/turn               o - +6 ring of intelligence
MPRegen 0.18/turn               (no ring)

@: mighty
A: horns 2, magic regeneration, big brain 1
a: no special abilities


You were on level 5 of the Dungeon.
You visited 1 branch of the dungeon, and saw 4 of its levels.

You collected 139 gold pieces.

Inventory:

Hand Weapons
 a - a +0 long sword
 g - a +3 dagger
 r - a +2 dagger of pain (weapon)
 s - a +1 mace of protection
Missiles
 d - 6 atropa-tipped darts (quivered)
Armour
 b - a +0 scale mail (worn)
 c - a +0 buckler (worn)
 m - a +0 pair of boots (worn)
 w - a +2 pair of gloves (worn)
Jewellery
 o - a +6 ring of intelligence (left hand)
Scrolls
 f - a scroll of identify {unknown}
 j - a scroll of teleportation {unknown}
 k - a scroll of fear {unknown}
 l - a scroll of vulnerability {unknown}
 n - a scroll of enchant weapon {unknown}
 p - a scroll of summoning {unknown}
 q - a scroll of noise {unknown}
 u - a scroll of enchant armour {unknown}
Potions
 e - a potion of ambrosia {unknown}
 h - 2 potions of flight {unknown}
 i - 2 potions of haste {unknown}
 t - a potion of brilliance {unknown}
 v - a potion of experience {unknown}


   Skills:
 * Level 3.7 Fighting
 + Level 2.0(2.6) Short Blades
 - Level 2.4(2.8) Long Blades
 + Level 3.5 Armour
 + Level 1.4 Dodging
 + Level 0.2 Stealth
 + Level 3.3 Shields
 * Level 1.7 Necromancy


You had 4 spell levels left.
You didn't know any spells.
Your spell library was empty.

Dungeon Overview and Level Annotations

Branches:
Dungeon (3/15)

Altars:
Sif Muna

Annotations:
D:5 Duvessa


Innate Abilities, Weirdness & Mutations

You have a pair of horns on your head.
You regenerate magic rapidly.
You have an unusually large brain. (Int +2)


Message History

Dowan shouts!
Found a stone staircase leading down.
You hit Dowan.
Dowan writhes in agony.
You headbutt Dowan.
Dowan is moderately wounded.
You block Dowan's attack.
You closely miss Dowan. You headbutt Dowan.
Dowan is heavily wounded.
Dowan hits you but does no damage.
Duvessa hits you with a +2 vampiric rapier.
You hit Dowan but do no damage.
Dowan writhes in agony.
Dowan is heavily wounded.
Duvessa hits you with a +2 vampiric rapier.
Dowan points at you and mumbles some strange words.
You resist with some effort.
You hit Dowan.
Dowan writhes in agony.
You headbutt Dowan!
You kill Dowan!
Duvessa weeps, and shakes her weapon.
Duvessa goes berserk!
Duvessa barely misses you.
Your Short Blades skill increases to level 2!
Unknown command.
You feel very mighty all of a sudden. Duvessa closely misses you.
You hit Duvessa.
Duvessa writhes in agony.
You headbutt Duvessa!
Duvessa is moderately wounded.
Duvessa hits you with a +2 vampiric rapier!
Duvessa draws strength from your wounds!
Duvessa completely misses you.
You hit Duvessa.
Duvessa is lightly wounded.
Duvessa closely misses you.
You barely miss Duvessa. Your headbutt misses Duvessa.
Duvessa is lightly wounded.
Duvessa hits you with a +2 vampiric rapier. x2
* * * LOW HITPOINT WARNING * * *
Duvessa draws strength from your wounds!
Unknown command.
You closely miss Duvessa.
Duvessa is lightly wounded.
Duvessa hits you with a +2 vampiric rapier!
You die...

...........#.#.#.#.#...#
...........#.#.#.#.#...#
........#.#.#.#.#...#
..........#.#.#.#...#
..........#.#.#.#...###
..........#.#.........#
..........#.###.###.#.#
########...#.........#.#
......e@...#####.#####.#
......)....# #.....#.#
...[.......# #####.#.#
...#........# #.#.# ..
#........# #.#.# .
.........# #.#.#
..........# #.#.#
..........># #.#.# #.#..


You could see Duvessa (berserk).

Vanquished Creatures
  A scorpion (D:5)
  Dowan (D:5)
  7 adders
  An ufetubus (D:5)
  A worm (D:2)
  3 dart slugs
  3 orcs (D:3)
  7 ball pythons
  6 endoplasms
  7 goblins
  4 hobgoblins
  4 jackals (D:1)
  A quokka (D:1)
  6 bats
  2 frilled lizards
  4 kobolds
  6 rats
64 creatures vanquished.

Notes
Turn   | Place    | Note
-------+----------+-------------------------------------------
     0 | D:1      | Icepheonix32 the Demonspawn Fighter began the quest for the
                  | Orb.
     0 | D:1      | Reached XP level 1. HP: 18/18 MP: 1/1
   207 | D:1      | Gained mutation: You regenerate magic rapidly. [demonic
                  | ancestry]
   207 | D:1      | Reached XP level 2. HP: 21/24 MP: 2/2
   600 | D:1      | Gained mutation: You have a pair of small horns on your
                  | head. [demonic ancestry]
   600 | D:1      | Reached XP level 3. HP: 29/29 MP: 3/3
   814 | D:1      | Found a faded altar of an unknown god.
  1547 | D:3      | Gained mutation: You have a pair of horns on your head.
                  | [demonic ancestry]
  1547 | D:3      | Reached XP level 4. HP: 28/35 MP: 4/4
  1966 | D:3      | Reached skill level 1 in Short Blades
  2109 | D:3      | Reached skill level 1 in Dodging
  2139 | D:3      | You fall into a shaft and drop 2 floors!
  2139 | D:5      | Entered Level 5 of the Dungeon
  2161 | D:5      | Found a shimmering blue altar of Sif Muna.
  2287 | D:5      | Noticed a scorpion
  2293 | D:5      | Killed a scorpion
  2294 | D:5      | Reached skill level 1 in Necromancy
  2294 | D:5      | Gained mutation: You have an unusually large brain. (Int
                  | +2) [demonic ancestry]
  2294 | D:5      | Reached XP level 5. HP: 41/41 MP: 5/5
  2533 | D:5      | Noticed Duvessa
  2533 | D:5      | Noticed Dowan
  2538 | D:5      | Killed Dowan
  2543 | D:5      | Slain by Duvessa

Illustrated notes

Levels and vault maps discovered:
D:1:      minmay_arrival_shoal_huts, layout_rooms,
          shapermc_ecumenical_altar_mp_vishouse
D:2:      layout_basic
D:3:      layout_loops_ring
D:5:      layout_basic, lemuel_blue_sif_altar, uniq_duvessa

Skill      XL: |  1  2  3  4  5 |
---------------+----------------+-----
Long Blades    | 2 |  2.4
Shields        | 3 |  3.3
Armour         | 3 |  3.5
Short Blades   | 1 2 |  2.0
Dodging        | 1 |  1.4
Necromancy     | 1 |  1.7
Fighting       | |  3.7
Stealth        | |  0.2

Action                   |  1- 3 |  4- 6 || total
-------------------------+-------+-------++-------
Melee: Long sword        |    56 |       ||    56
       Dagger            |    62 |    86 ||   148
       Headbutt          |     9 |    10 ||    19
  Use: Potion            |       |     2 ||     2
Armor: Scale mail        |    60 |    35 ||    95
Dodge: Dodged            |    44 |    37 ||    81
Block: Buckler           |    28 |    11 ||    39
